 Dungeon Crawl Stone Soup version 0.27.1-3-gb3d3a73c9e (webtiles) character file.

Game seed: 11662341021669085501

818 Urokeeper the Archer (level 7, -3/33 HPs)
             Began as a Spriggan Hunter on Oct 13, 2021.
             Was a Believer of Okawaru.
             Slain by a sky beast (5 damage)
             ... on level 5 of the Dungeon.
             The game lasted 00:08:38 (4204 turns).

Urokeeper the Archer (Spriggan Hunter)              Turns: 4204, Time: 00:08:38

Health: -3/33      AC:  3    Str:  8    XL:     7   Next: 62%
Magic:  8/8        EV: 17    Int: 12    God:    Okawaru [**....]
Gold:   174        SH:  0    Dex: 18    Spells: 6/6 levels left

rFire    . . .     SeeInvis +   k - +2 dagger (speed)
rCold    . . .     Faith    .   (shield restricted)
rNeg     . . .     Spirit   .   c - +0 robe
rPois    .         Reflect  .   (helmet restricted)
rElec    .         Harm     .   h - +0 cloak
rCorr    .         Rampage  .   (gloves unavailable)
Will     +....                  (boots unavailable)
Stlth    ++........             l - amulet of the acrobat
HPRegen  0.11/turn              (no ring)
MPRegen  0.11/turn              (no ring)

@: very quick
A: very small, no large weapons, unfitting armour, see invisible, speed 3
a: Renounce Religion, Heroism


You were on level 5 of the Dungeon.
You worshipped Okawaru.
Okawaru was pleased with you.
You visited 2 branches of the dungeon, and saw 6 of its levels.

You collected 174 gold pieces.

Inventory:

Hand Weapons
 a - a +1 shortbow
 b - a +0 short sword
 k - a +2 dagger of speed (weapon)
Missiles
 d - 2 arrows
 o - 25 poisoned darts
Armour
 c - a +0 robe (worn)
 h - a +0 cloak (worn)
Jewellery
 l - an amulet of the acrobat (around neck)
 r - a ring of fire
Wands
 q - a wand of paralysis (7)
Scrolls
 e - 3 scrolls of identify {unknown}
 f - a scroll of acquirement {unknown}
 p - a scroll of teleportation {unknown}
 s - a scroll of immolation {unknown}
Potions
 g - a potion of attraction {unknown}
 i - 3 potions of curing
 j - a potion of magic {unknown}
 m - a potion of lignification {unknown}
 n - a potion of heal wounds {unknown}


   Skills:
 - Level 1.5 Fighting
 + Level 11.2 Bows
 - Level 2.6 Dodging
 - Level 1.5 Stealth


You had 6 spell levels left.
You didn't know any spells.
Your spell library contained the following spells:

 Spells                   Type           Power      Damage    Failure   Level
 Ozocubu's Armour         Ice            0%         N/A       69%         3
 Metabolic Englaciation   Hex/Ice        0%         N/A       100%        5
 Simulacrum               Ice/Necr       0%         N/A       100%        6


Dungeon Overview and Level Annotations

Branches:
Dungeon (5/15)             Temple (1/1) D:4

Altars:
Cheibriados
Fedhas
Gozag
Hepliaklqana
Kikubaaqudgha
Makhleb
Okawaru
Ru
Uskayaw
Vehumet
The Shining One

Shops:
D:3 [


Innate Abilities, Weirdness & Mutations

You are very small and have problems with some larger weapons.
You are too small for most types of armour.
You have supernaturally acute eyesight. (SInv)
You cover ground extremely quickly. (Speed+++)


Message History

You do not have any ammo quivered for your +1 shortbow.
You do not have any ammo quivered for your +1 shortbow.
The sky beast flickers out of sight for a moment.
You do not have any ammo quivered for your +1 shortbow.
You do not have any ammo quivered for your +1 shortbow.
You do not have any ammo quivered for your +1 shortbow.
You see here 3 arrows.
d - 3 arrows You shoot an arrow.
The arrow hits the sky beast.
The sky beast is almost dead.
Your hands tingle!
k - a +2 dagger of speed (weapon)
You barely miss the sky beast.
The sky beast is almost dead.
The sky beast hits you. The sky beast shocks you.
You barely miss the sky beast.
The sky beast is almost dead.
The sky beast hits you. The sky beast shocks you.
You hit the sky beast.
The sky beast is almost dead.
You barely miss the sky beast.
The sky beast is almost dead.
The sky beast misses you.
You hit the sky beast but do no damage.
The sky beast is almost dead.
The sky beast hits you.
* * * LOW HITPOINT WARNING * * *
The sky beast shocks you.
* * * LOW HITPOINT WARNING * * *
You completely miss the sky beast.
The sky beast is almost dead.
You hit the sky beast but do no damage.
The sky beast is almost dead.
The sky beast misses you.
You barely miss the sky beast.
The sky beast is almost dead.
The sky beast hits you.
* * * LOW HITPOINT WARNING * * *
The sky beast shocks you.
You die...

###########
#######.........#
.............(Y@#
#######(....^.(.#
##......≈...#
#......<(...#
#.#(((.<..(.#
#.########### #.
. #


You could see a sky beast.

Vanquished Creatures
  Grinder (D:4)
  Sigmund (D:4)
  2 ogres (D:4)
  A bullfrog zombie (D:4)
  2 hounds (D:4)
  A jelly (D:4)
  An orc priest (D:2)
  An iguana (D:4)
  4 adders
  A worm (D:2)
  4 dart slugs
  11 orcs
  7 endoplasms
  A giant cockroach (D:2)
  11 goblins
  2 hobgoblins
  2 quokkas
  7 ball pythons
  2 bats
  5 frilled lizards
  10 kobolds
  3 rats
80 creatures vanquished.

Notes
Turn   | Place    | Note
-------+----------+-------------------------------------------
     0 | D:1      | Urokeeper the Spriggan Hunter began the quest for the Orb.
     0 | D:1      | Reached XP level 1. HP: 10/10 MP: 2/2
   174 | D:1      | Reached skill level 5 in Bows
   361 | D:1      | Reached XP level 2. HP: 14/14 MP: 3/3
   715 | D:1      | Found a faded altar of an unknown god.
   949 | D:2      | Reached skill level 6 in Bows
   950 | D:2      | Reached XP level 3. HP: 18/18 MP: 4/4
  1427 | D:2      | Reached XP level 4. HP: 22/22 MP: 5/5
  1553 | D:2      | Reached skill level 7 in Bows
  2069 | D:3      | Found Odgha's Armour Emporium.
  2203 | D:3      | Reached XP level 5. HP: 25/25 MP: 6/6
  2437 | D:4      | Found a staircase to the Ecumenical Temple.
  2462 | D:4      | Reached skill level 8 in Bows
  2529 | Temple   | Entered the Ecumenical Temple
  2727 | Temple   | Became a worshipper of Warmaster Okawaru
  2881 | D:4      | Noticed an ogre
  2915 | D:4      | Killed an ogre
  2916 | D:4      | Reached XP level 6. HP: 24/30 MP: 7/7
  3034 | D:4      | Noticed Sigmund
  3056 | D:4      | Reached * piety under Okawaru
  3057 | D:4      | Reached skill level 9 in Bows
  3081 | D:4      | Killed Sigmund
  3082 | D:4      | Reached skill level 10 in Bows
  3082 | D:4      | Reached XP level 7. HP: 33/33 MP: 8/8
  3186 | D:4      | Noticed Grinder
  3204 | D:4      | Killed Grinder
  3204 | D:4      | Reached ** piety under Okawaru
  3476 | D:4      | Reached skill level 11 in Bows
  4087 | D:5      | Entered Level 5 of the Dungeon
  4204 | D:5      | Slain by a sky beast

Illustrated notes

Levels and vault maps discovered:
D:1:      dpeg_arrival_pits, layout_loops_corners,
          shapermc_ecumenical_altar_starsandcircs, minmay_pentomino_q2
D:2:      layout_basic
D:3:      layout_rooms, serial_shops, shop_statue
D:4:      layout_loops_cross, temple_pool_b, kennysheep_another_room,
          uniq_sigmund, uniq_grinder
D:5:      layout_rooms, grunt_dithmenos_smoke_and_mirrors, serial_bayou_pond_c,
          uniq_ijyb
Temple:   minmay_temple_curvy_loop

Skill      XL: |  1  2  3  4  5  6  7 |
---------------+----------------------+-----
Bows           | 5 6 7 8 10 11 | 11.2
Fighting       | |  1.5
Dodging        | |  2.6
Stealth        | |  1.5

Action                   |  1- 3 |  4- 6 |  7- 9 || total
-------------------------+-------+-------+-------++-------
Melee: Dagger            |       |       |     8 ||     8
 Fire: Shortbow          |    73 |   150 |    84 ||   307
Armor: Robe              |     3 |     3 |     2 ||     8
Dodge: Dodged            |     7 |    20 |    15 ||    42
